 Dungeon Crawl Stone Soup version 0.32-a0-933-ga8fa3634e4 (webtiles) character file.

Game seed: 3185484372278809935

371 Gadrel the Covered (level 6, 0/52 HPs)
             Began as an Armataur Fighter on Apr 15, 2024.
             Was an Initiate of Gozag.
             Slain by an orc
             ... wielding a +2 dagger of electrocution
              (15 damage)
             ... on level 4 of the Dungeon.
             The game lasted 00:05:30 (2864 turns).

Gadrel the Covered (Armataur Fighter)               Turns: 2864, Time: 00:05:30

Health: 0/52       AC: 16    Str: 23    XL:     6   Next: 42%
Magic:  6/6        EV:  4    Int: 10    God:    Gozag
Gold:   165        SH:  6    Dex: 14    Spells: 5/5 levels left

rFire   . . .        a - +1 whip (freeze)
rCold   . . .        c - +1 buckler
rNeg    . . .        b - +0 scale mail
rPois   .            n - +0 helmet
rElec   .            (no cloak)
rCorr   .            (no gloves)
SInv    .            f - +3 barding "Zust" {^Drain Int+2 Dex+4}
Will    .....        (no amulet) Stlth
                     (no ring)
HPRegen 0.28/turn    (no ring)
MPRegen 0.10/turn

%: roll
@: gold aura
A: large, deformed body, tough skin 3, armoured tail, rollpage 1
a: Renounce Religion, Potion Petition, Call Merchant, Bribe Branch


You were on level 4 of the Dungeon.
You worshipped Gozag.
Gozag was aware of your devotion.
You visited 1 branch of the dungeon, and saw 4 of its levels.

You collected 213 gold pieces.
You paid 48 gold pieces to Gozag.

Inventory:

Hand Weapons
 a - a +1 whip of freezing (weapon)
   (You took it off a kobold on level 1 of the Dungeon)
 e - a +0 flail
Missiles
 g - 3 poisoned darts
 s - 35 stones
Armour
 b - a +0 scale mail (worn)
 c - a +1 buckler (worn)
 f - the +3 barding "Zust" (worn) {^Drain Int+2 Dex+4}
   (You acquired it on level 1 of the Dungeon)

   Int+2:     It affects your intelligence (+2).
   Dex+4:     It affects your dexterity (+4).
   ^Drain:    It drains your maximum health when unequipped.
 n - a +0 helmet (worn)
   (You found it on level 3 of the Dungeon)
Magical Staves
 i - a staff of fire {rF+}
   (You found it on level 1 of the Dungeon)
Wands
 p - a wand of paralysis (3)
   (You found it on level 4 of the Dungeon)
Scrolls
 d - a scroll of enchant armour
 m - a scroll of revelation {unknown}
Potions
 h - 2 potions of degeneration {unknown}
 j - a potion of magic {unknown}
 k - a potion of resistance {unknown}
 l - a potion of lignification {unknown}
 M - a potion of might


   Skills:
 + Level 3.9 Fighting
 + Level 3.3 Maces & Flails
 + Level 5.3 Armour
 + Level 4.8 Shields
 + Level 1.0 Evocations


You had 5 spell levels left.
You didn't know any spells.
Your spell library contained the following spells:

 Spells                   Type           Power      Damage    Failure   Level
 Slow                     Hex            0%         N/A       73%         1
 Confusing Touch          Hex            0%         N/A       97%         3
 Vampiric Draining        Necr           0%         2d6       97%         3


Dungeon Overview and Level Annotations

Branches:
Dungeon (4/15)
 Temple: D:4-7

Altars:
Cheibriados
Gozag
Kikubaaqudgha
Makhleb
Trog


Innate Abilities, Weirdness & Mutations

Armour fits poorly on your strangely shaped body.
You have extremely tough skin. (AC +3)
You have a long armoured tail.
You regenerate magic when rolling toward enemies. (Rampage MPRegen)


Message History

Found a stone staircase leading down.
There is a stone staircase leading down here.
You see here a +0 ring mail.
An ogre comes into view. It is wielding a +0 giant spiked club.
The ogre shouts!
You hear a shout! x4
An orc comes into view. It is wielding a +0 flail.
You hit the ogre but do no damage. You closely miss the ogre.
The ogre hits you with a +0 giant spiked club!
You take 15 damage, and have 31/46 hp.
MASSIVE DAMAGE!!
Press: ? - help, Shift-Dir - straight line, f - ogre
Aim: an ogre, wielding a +0 giant spiked club (chance to affect: 49%)
The ogre resists with some effort.
The orc throws a boomerang.
The boomerang hits you but does no damage.
An orc comes into view.
It is wielding a +2 dagger of electrocution.
You block the ogre's attack.
Press: ? - help, Shift-Dir - straight line, f/p - ogre
Aim: an ogre, wielding a +0 giant spiked club (chance to affect: 49%)
The ogre resists with some effort.
The orc throws a boomerang.
The boomerang hits you but does no damage.
Press: ? - help, Shift-Dir - straight line, f/p - ogre
Aim: an ogre, wielding a +0 giant spiked club (chance to affect: 49%)
The ogre resists with some effort.
The ogre hits you but does no damage. The ogre attacks as it pursues you!
The ogre hits you with a +0 giant spiked club!
You take 11 damage, and have 21/46 hp.
MASSIVE DAMAGE!!
Press: ? - help, Shift-Dir - straight line, f/p - ogre
Aim: an ogre, wielding a +0 giant spiked club (chance to affect: 49%)
The ogre suddenly stops moving!
The helpless ogre fails to defend itself.
You hit the ogre. You freeze the ogre.
An orc comes into view. It is wielding a +0 hand axe.
The helpless ogre fails to defend itself.
You hit the ogre. You freeze the ogre.
The orc shouts!
An orc priest comes into view. It is wielding a +0 club.
The helpless ogre fails to defend itself.
You whack the ogre! You freeze the ogre.
The helpless ogre fails to defend itself.
You hit the ogre but do no damage.
An orc comes into view. It is wielding a +0 whip.
The helpless ogre fails to defend itself.
You hit the ogre. You freeze the ogre. You tail-slap the ogre.
The helpless ogre fails to defend itself.
You hit the ogre. You freeze the ogre.
You kill the ogre!
The orc throws a boomerang.
The boomerang hits you but does no damage.
You have reached level 6!
You regained 4 hp, and now have 26/52 hp.
MP restored: 6 You hit the orc but do no damage.
You tail-slap the orc.
You hear the slow rusting of a distant drain.
The orc barely misses you.
You closely miss the orc. You block the orc's attack.
You hit the orc but do no damage. You tail-slap the orc.
You kill the orc!
The orc throws a boomerang.
The boomerang barely misses you.
You hit the orc priest. You freeze the orc priest.
The orc priest hits you but does no damage.
The orc is distracted by your dazzling golden aura.
The orc shouts!
You hit the orc priest but do no damage.
The orc priest invokes the aid of Beogh against you.
Beogh smites you!
* * * LOW HITPOINT WARNING * * *
You take 12 damage, and have 15/52 hp.
MASSIVE DAMAGE!!
You hit the orc priest. You freeze the orc priest.
You block the orc priest's attack.
You hit the orc priest but do no damage.
The orc priest hits you with a +0 club.
* * * LOW HITPOINT WARNING * * *
You take 2 damage, and have 13/52 hp.
You hit the orc priest but do no damage.
Your tail-slap misses the orc priest.
The orc priest barely misses you.
You hit the orc priest but do no damage.
The orc priest is distracted by your dazzling golden aura.
The orc priest shouts!
You hit the orc priest but do no damage.
The orc priest is no longer distracted by gold.
The orc is no longer distracted by gold.
You hit the orc priest. You freeze the orc priest.
The orc priest hits you but does no damage.
You barely miss the orc priest. You tail-slap the orc priest.
You kill the orc priest!
The orc hits you but does no damage.
You closely miss the orc. The orc hits you but does no damage.
You hit the orc. You freeze the orc. You tail-slap the orc.
You kill the orc!
You hit the orc. You freeze the orc. The orc barely misses you.
You hit the orc. You freeze the orc.
You kill the orc!
Your Evocations skill increases to level 1!
You closely miss the orc. The orc hits you but does no damage.
You are electrocuted!
You die...
Your body crumbles into a pile of gold.

### #### #..
..# #.# #.#
##.# #.######
#..# #.>..[.#
#..# #.####.#
#..#####.#
#.#
####........#
#@#
.....########
#o# .#####
#..(....# .#
#.##.##.#
.### # #.# #
...# ... ...#
#.. ...# ...
#..# ...#


You could see an orc.

Vanquished Creatures
  Sigmund (D:2)
  An ogre (D:4)
  An orc priest (D:4)
  3 adders
  2 dart slugs
  4 ribbon worms
  3 orcs (D:4)
  5 ball pythons
  4 endoplasms
  2 giant cockroaches
  4 goblins
  3 hobgoblins (D:1)
  A jackal (D:1)
  3 kobolds (D:1)
  2 quokkas
  8 bats
  3 frilled lizards
  10 rats
60 creatures vanquished.

Notes
Turn   | Place    | Note
-------+----------+-------------------------------------------
     0 | D:1      | Gadrel the Armataur Fighter began the quest for the Orb.
     0 | D:1      | Reached XP level 1. HP: 18/18 MP: 1/1
    85 | D:1      | Reached skill level 2 in Maces & Flails
    86 | D:1      | Reached XP level 2. HP: 22/25 MP: 2/2
   153 | D:1      | Reached skill level 4 in Armour
   497 | D:1      | Reached skill level 3 in Fighting
   551 | D:1      | Reached XP level 3. HP: 30/31 MP: 3/3
  1169 | D:1      | Identified a scroll of acquirement
  1169 | D:1      | Acquired the +3 barding "Zust" {^Drain Int+2 Dex+4}
  1306 | D:2      | Noticed Sigmund
  1721 | D:2      | Killed Sigmund
  1722 | D:2      | Reached skill level 3 in Maces & Flails
  1722 | D:2      | Reached skill level 4 in Shields
  1722 | D:2      | Reached XP level 4. HP: 40/40 MP: 4/4
  1722 | D:2      | Reached XP level 5. HP: 46/46 MP: 5/5
  1805 | D:2      | Reached skill level 5 in Armour
  2147 | D:3      | Found an opulent altar of Gozag.
  2158 | D:3      | Became a worshipper of Gozag Ym Sagoz the Greedy
  2189 | D:3      | Found a burning altar of Makhleb.
  2346 | D:3      | Found a snail-covered altar of Cheibriados.
  2462 | D:3      | Found an ancient bone altar of Kikubaaqudgha.
  2564 | D:3      | Found a bloodstained altar of Trog.
  2834 | D:4      | Noticed an ogre
  2847 | D:4      | Killed an ogre
  2848 | D:4      | Reached XP level 6. HP: 26/52 MP: 6/6
  2854 | D:4      | HP: 13/52 [orc priest/+0 club (3)]
  2864 | D:4      | Reached skill level 1 in Evocations
  2864 | D:4      | Slain by an orc

Illustrated notes

Levels and vault maps discovered:
D:1:      psy_arrival_heroes, layout_basic, serial_forest,
          infiniplex_forest_lined_3_way, infiniplex_forest_lined_room_2,
          infiniplex_forest_end_3, infiniplex_forest_lined_room_,
          infiniplex_forest_zigzag_1, infiniplex_forest_diagonal,
          infiniplex_forest_straight_2, minmay_indecisive_spiral
D:2:      layout_basic, uniq_sigmund
D:3:      layout_basic, cheibrodos_worm_habitat, grunt_gozag_breadcrumbs,
          mainiacjoe_overflow_paths, mainiacjoe_overflow_alcove_2,
          mainiacjoe_overflow_alcove_1
D:4:      layout_loops_cross, minmay_temple_entry_grid, serial_shops, shop,
          gup_sewer_entry_pipe

Skill      XL: |  1  2  3  4  5  6 |
---------------+-------------------+-----
Maces & Flails | 2 3 |  3.3
Armour         | 4 5 |  5.3
Fighting       | 3 |  3.9
Shields        | 4 |  4.8
Evocations     | 1 |  1.0

Action                     |  1- 3 |  4- 6 || total
---------------------------+-------+-------++-------
  Melee: Flail             |    21 |       ||    21
         Whip              |    80 |    75 ||   155
         Tailslap          |     5 |    13 ||    18
  Throw: Stone             |     1 |       ||     1
  Evoke: Wand              |       |     4 ||     4
    Use: Scroll            |     4 |       ||     4
         Potion            |     1 |       ||     1
   Stab: Paralysed         |       |     6 ||     6
 Armour: Scale mail        |    95 |    38 ||   133
  Dodge: Dodged            |    30 |    10 ||    40
  Block: Buckler           |    30 |     7 ||    37

Table legend: (Time is in decaauts)
 A = Elapsed time spent in this place.
 B = Non-inter-level travel time spent in this place.
 C = Inter-level travel time spent in this place.
 D = Time resting spent in this place.
 E = Time spent auto-exploring this place.
 F = Levels seen in this place.
 G = Mean time per level.
                   A        B        C        D        E       F      G
               +--------+--------+--------+--------+--------+-----+--------+
         Total |   2868 |   2685 |    183 |      0 |   2209 |   4 |  717.0 |
       Dungeon |   2868 |   2685 |    183 |      0 |   2209 |   4 |  717.0 |
               +--------+--------+--------+--------+--------+-----+--------+

Top non-repeatable levels by time:
     D:1: 1337 daAuts
     D:3: 862 daAuts
     D:2: 603 daAuts
     D:4: 64 daAuts

Levels and vault maps discovered:
D:1:      psy_arrival_heroes, layout_basic, serial_forest,
          infiniplex_forest_lined_3_way, infiniplex_forest_lined_room_2,
          infiniplex_forest_end_3, infiniplex_forest_lined_room_,
          infiniplex_forest_zigzag_1, infiniplex_forest_diagonal,
          infiniplex_forest_straight_2, minmay_indecisive_spiral
D:2:      layout_basic, uniq_sigmund
D:3:      layout_basic, cheibrodos_worm_habitat, grunt_gozag_breadcrumbs,
          mainiacjoe_overflow_paths, mainiacjoe_overflow_alcove_2,
          mainiacjoe_overflow_alcove_1
D:4:      layout_loops_cross, minmay_temple_entry_grid, serial_shops, shop,
          gup_sewer_entry_pipe

Table legend: (Time is in decaauts)
 A = Elapsed time spent in this place.
 B = Non-inter-level travel time spent in this place.
 C = Inter-level travel time spent in this place.
 D = Time resting spent in this place.
 E = Time spent auto-exploring this place.
 F = Levels seen in this place.
 G = Mean time per level.
                   A        B        C        D        E       F      G
               +--------+--------+--------+--------+--------+-----+--------+
         Total |   2868 |   2685 |    183 |      0 |   2209 |   4 |  717.0 |
       Dungeon |   2868 |   2685 |    183 |      0 |   2209 |   4 |  717.0 |
               +--------+--------+--------+--------+--------+-----+--------+

Top non-repeatable levels by time:
     D:1: 1337 daAuts
     D:3: 862 daAuts
     D:2: 603 daAuts
     D:4: 64 daAuts

Table legend:
 A = Kills in this place as a percentage of kills in the entire game.
 B = Kills by you in this place as a percentage of kills by you in the entire game.
 C = Kills by friends in this place as a percentage of kills by friends in the entire game.
 D = Other kills in this place as a percentage of other kills in the entire game.
 E = Experience gained in this place as a percentage of experience gained in the entire game.
 F = Experience gained in this place divided by the number of levels of this place that you have seen.
                   A       B       C       D       E      F
               +-------+-------+-------+-------+-------+----------------------
         Total | 100.0 | 100.0 |   N/A |   N/A | 100.0 | 132.5
       Dungeon | 100.0 | 100.0 |   N/A |   N/A | 100.0 | 132.5
               +-------+-------+-------+-------+-------+----------------------
